 Dungeon Crawl Stone Soup version 0.25-a0-1024-gbfbf38f2cb (webtiles) character file.

Game seed: 9088792623776043038, levelgen mode: deterministic

0 Esekla the Skirmisher (level 1, -1/12 HPs)
             Began as a Formicid Abyssal Knight on May 12, 2020.
             Was a Follower of Lugonu.
             Slain by a starspawn tentacle (3 damage)
             ... attached to a tentacled starspawn
             ... on level 1 of the Abyss.
             The game lasted 00:01:35 (193 turns).

Esekla the Skirmisher (Formicid Abyssal Knight)      Turns: 193, Time: 00:01:36

Health: -1/12      AC:  1    Str: 16    XL:     1   Next: 0%
Magic:  2/2        EV:  8    Int:  7    God:    Lugonu [*.....]
Gold:   8          SH:  0    Dex:  6    Spells: 0/0 levels left

rFire    . . .     SeeInvis +   a - +1 falchion
rCold    . . .     Gourm    .   (no shield)
rNeg     . . .     Faith    .   b - +0 leather armour
rPois    .         Spirit   .   (helmet unavailable)
rElec    .         Reflect  .   (no cloak)
rCorr    .         Harm     .   (no gloves)
MR       .....                  (no boots)
Stlth    +.........             (no amulet)
HPRegen  0.04/turn              h - ring of see invisible
MPRegen  0.08/turn              (no ring)

@: constricted
A: permanent stasis, dig shafts and tunnels, four strong arms, antennae 3,
[blurry vision 2], [clumsy 2], [deformed body], [dopey 2], [frail 3]
a: Dig, Shaft Self, Depart the Abyss, Renounce Religion


You were on level 1 of the Abyss.
You worshipped Lugonu.
Lugonu was aware of your devotion.
You were not hungry.

You visited 0 branches of the dungeon, and saw 0 of its levels.
You visited the Abyss 1 time.

You collected 8 gold pieces.

Inventory:

Hand Weapons
 a - a +1 falchion (weapon)
Armour
 b - a +0 leather armour (worn)
Jewellery
 h - a ring of see invisible (left hand)
Scrolls
 f - a scroll of fog {unknown}
 g - a scroll of enchant armour {unknown}
Potions
 d - a potion of brilliance {unknown}
 e - a potion of stabbing {unknown}
Comestibles
 c - 2 rations


   Skills:
 * Level 3.2 Fighting
 * Level 2.0 Long Blades
 + Level 2.1 Armour
 + Level 0.8 Dodging
 + Level 2.1 Invocations


You couldn't memorise any spells.
You didn't know any spells.
Your spell library was empty.

Dungeon Overview and Level Annotations

Branches:
Dungeon (0/15)

Altars:


Innate Abilities, Weirdness & Mutations

You cannot be hasted, slowed, berserked, paralysed or teleported.
You can dig through walls and to a lower floor.
Your four strong arms can wield two-handed weapons with a shield.
You have a pair of large antennae on your head. (SInv)
[Scrolls take you longer to read.]
[You are very clumsy. (Dex -4)]
[Armour fits poorly on your strangely shaped body.]
[You are very dopey. (Int -4)]
[You are extremely frail. (-30% HP)]


Message History

The wretched star pulses with an eldritch light!
You feel stupid. x2
A starcursed mass comes into view.
The wretched star pulses with an eldritch light!
You feel clumsy. x2; Your body twists and deforms.
Tentacles burst from the starspawn's body!
You feel yourself growing ill in the presence of the ancient zyme. 2 starspawn tentacles come into view.
The starspawn tentacle grabs you. The starspawn tentacle constricts you.
You escape the starspawn tentacle's grasp.
Tentacles burst from the starspawn's body! 2 starspawn tentacles come into view.
The wretched star pulses with an eldritch light!
You feel frail.
Your vision blurs. x2
The starspawn tentacle grabs you.
* * * LOW HITPOINT WARNING * * *
The starspawn tentacle constricts you.
You escape the starspawn tentacle's grasp.
The starspawn tentacle grabs you.
You die...

.# #... . .....
.########.#.. ###
#...#..##.#x##..##
#.#.......#.#.#..##
..#──###..####...#
#│#.X# ...#. #.#
##│./####.###. ##
#w#w..#.#{# ##.# #
#.@..#..*.# #.#.
####.#.#.## #.#.#
.##....# #... ..
...### #x###
###.###. # ## {


You could see a tentacled starspawn and 2 starspawn tentacles.

Vanquished Creatures (others)
  25 starspawn tentacles (Abyss:1)
25 creatures vanquished.

Notes
Turn   | Place    | Note
-------+----------+-------------------------------------------
     0 | Abyss:1  | Esekla the Formicid Abyssal Knight began the quest for the
                  | Orb.
     0 | Abyss:1  | Reached XP level 1. HP: 18/18 MP: 2/2
    71 | Abyss:1  | Noticed a tentacled starspawn
    88 | Abyss:1  | Noticed a tentacled starspawn
   130 | Abyss:1  | Noticed a wretched star
   143 | Abyss:1  | Noticed an ancient zyme
   180 | Abyss:1  | Noticed a starcursed mass
   193 | Abyss:1  | Slain by a starspawn tentacle

Illustrated notes

Levels and vault maps discovered:
Abyss:1

Action                   || total
-------------------------++-------
Dodge: Dodged            ||     1
       Rpst.: Falchion   ||     1

Table legend:
 A = Non-vault XP
 B = Vault XP
 C = Vault XP percentage of total XP
 D = Non-vault monster count
 E = Vault monster count
 F = Vault count percentage of total count
                 A         B        C        D         E       F
            +---------+---------+-------+---------+---------+-------
      Total |       0 |       0 |   N/A |       0 |       0 |  -nan
            +---------+---------+-------+---------+---------+-------
            +---------+---------+-------+---------+---------+-------
